[Event "Titled Tuesday Blitz July 11 Early 2023"]
[White "Fieberg, Samuel"]
[Black "Prestia, Paris"]
[WhiteFideId "12901717"]
[BlackFideId "30925959"]
[WhiteElo "2375"]
[BlackElo "2571"]
[Result "0-1"]
[Round "3"]
[TimeControl "180+2"]
[Date "2023.07.11"]
[WhiteClock "0:00:37"]
[BlackClock "0:01:32"]
[Board "126"]

1. d4 Nf6 2. Nc3 d5 3. Bf4 e6 4. Nb5 Na6 5. e3 c6 6. Nc3 Nc7 7. Nf3 a6 8. Bd3 Nb5 9. Nxb5 axb5 10. Ne5 Be7 11. c3 Nd7 12. a3 Nxe5 13. Bxe5 f6 14. Bg3 O-O 15. Qh5 h6 16. Qg6 f5 17. Be5 Bf6 18. f4 Bd7 19. g4 Be8 20. gxf5 Bxg6 21. fxg6 Bxe5 22. dxe5 Qh4+ 23. Kd2 b4 24. axb4 Rxa1 25. Rxa1 Qxh2+ 26. Be2 h5 27. Rf1 h4 28. Kd3 h3 29. Bf3 Qxb2 30. Rh1 h2 31. Be2 Ra8 32. Bg4 Qg2 33. Bxe6+ Kf8 34. f5 Qe4+ 0-1


[Site "https://www.chess.com"]

[Event "Titled Tuesday Blitz July 11 Early 2023"]
[White "Chernomordik, Pavel"]
[Black "Rakitic2010"]
[WhiteFideId "2804530"]
[WhiteElo "2571"]
[BlackElo "2373"]
[Result "0-1"]
[Round "3"]
[TimeControl "180+2"]
[Date "2023.07.11"]
[WhiteClock "0:00:00"]
[BlackClock "0:00:10"]
[Board "127"]

1. e4 Nf6 2. Nc3 d5 3. e5 d4 4. Nce2 Ng4 5. f4 h5 6. Nf3 c5 7. g3 h4 8. gxh4 Bd7 9. Ng3 Bc6 10. d3 e6 11. Bg2 Be7 12. h5 Bh4 13. Qe2 Nxh2 14. Nxh2 Bxg3+ 15. Kf1 f6 16. Qg4 Bxg2+ 17. Kxg2 Qd5+ 18. Nf3 Nd7 19. Kxg3 O-O-O 20. Re1 fxe5 21. fxe5 Rdf8 22. Ng5 Rf5 23. Bf4 Rhf8 24. Rf1 Nxe5 25. Qe2 Nd7 26. Ne4 Rxh5 27. Qg4 Rfh8 28. Rae1 e5 29. Bg5 Kc7 30. Rf5 Rh3+ 31. Qxh3 Rxh3+ 32. Kxh3 Qe6 33. Rf1 g6 34. Kg4 b6 35. Nf6 Nxf6+ 36. Bxf6 Kd7 37. Bxe5 Kc6 38. Bg3 gxf5+ 39. Rxf5 Qxa2 0-1


[Site "https://www.chess.com"]

[Event "Titled Tuesday Blitz July 11 Early 2023"]
[White "Alahakoon, Isuru"]
[Black "Dinosaurio_1975"]
[WhiteFideId "9900993"]
[WhiteElo "2372"]
[BlackElo "2566"]
[Result "0-1"]
[Round "3"]
[TimeControl "180+2"]
[Date "2023.07.11"]
[WhiteClock "0:00:00"]
[BlackClock "0:00:11"]
[Board "128"]

1. Nf3 d5 2. e3 e6 3. c4 Nf6 4. b3 Be7 5. Bb2 O-O 6. Nc3 b6 7. cxd5 exd5 8. d4 Bf5 9. Bd3 Bxd3 10. Qxd3 Re8 11. O-O c6 12. Ne5 Bb4 13. Rac1 Qd6 14. Rc2 Nbd7 15. f4 Bxc3 16. Qxc3 Rac8 17. Rfc1 Ne4 18. Qd3 c5 19. dxc5 bxc5 20. Rd1 Ndf6 21. h3 a5 22. Ng4 Nxg4 23. hxg4 Red8 24. Be5 Qg6 25. Qe2 Ng3 26. Qf2 Qxg4 27. Qf3 Qxf3 28. gxf3 Nf5 29. Kf2 f6 30. Bc3 a4 31. Rcd2 axb3 32. axb3 Ne7 33. Ra1 Kf7 34. Ra7 Rb8 35. Rb2 Rb5 36. b4 Rdb8 0-1


[Site "https://www.chess.com"]

[Event "Titled Tuesday Blitz July 11 Early 2023"]
[White "Domingo Nunez, Alejandro"]
[Black "Nithyalakshmi, Sivanesan"]
[WhiteFideId "22245561"]
[BlackFideId "5706955"]
[WhiteElo "2563"]
[BlackElo "2370"]
[Result "1-0"]
[Round "3"]
[TimeControl "180+2"]
[Date "2023.07.11"]
[WhiteClock "0:00:06"]
[BlackClock "0:00:00"]
[Board "129"]

1. Nf3 Nf6 2. g3 c5 3. Bg2 Nc6 4. d4 cxd4 5. Nxd4 g6 6. O-O Bg7 7. c4 O-O 8. Nc3 a6 9. h3 Qc7 10. Be3 e6 11. Rc1 Qa5 12. Nb3 Qd8 13. Bc5 Re8 14. Na4 Bf8 15. Bxf8 Rxf8 16. Qd6 b5 17. Nac5 Ne8 18. Qd2 Qe7 19. Rfd1 bxc4 20. Rxc4 d5 21. Rcc1 Ne5 22. e4 Nc4 23. Qe2 Qf6 24. exd5 Qxb2 25. Qxc4 Nd6 26. Qc3 Qxa2 27. dxe6 Nb5 28. Qe3 1-0


[Site "https://www.chess.com"]

[Event "Titled Tuesday Blitz July 11 Early 2023"]
[White "Jegorovas, Aleksandras"]
[Black "Aggelis, Nikolaos"]
[WhiteFideId "12801950"]
[BlackFideId "4213220"]
[WhiteElo "2360"]
[BlackElo "2563"]
[Result "0-1"]
[Round "3"]
[TimeControl "180+2"]
[Date "2023.07.11"]
[WhiteClock "0:02:17"]
[BlackClock "0:02:11"]
[Board "130"]

1. d4 f5 2. Nf3 Nf6 3. g3 g6 4. Bg2 Bg7 5. O-O O-O 6. b4 a5 7. b5 a4 8. Bb2 d5 9. Ne5 e6 10. c4 Nbd7 11. cxd5 exd5 12. Nc3 a3 13. Bc1 Nb6 14. Qb3 Be6 15. Bg5 Kh8 16. Bxf6 Bxf6 17. e3 Qd6 18. f4 g5 19. Rad1 g4 20. Nb1 h5 21. Nxa3 Rxa3 22. Qc2 Rfa8 23. Ng6+ Kg7 24. Ne5 Rxa2 0-1


[Site "https://www.chess.com"]

[Event "Titled Tuesday Blitz July 11 Early 2023"]
[White "Bashirli, Saadat"]
[Black "Bruedigam, Martin"]
[WhiteFideId "13429990"]
[BlackFideId "24608033"]
[WhiteElo "2356"]
[BlackElo "2559"]
[Result "1-0"]
[Round "3"]
[TimeControl "180+2"]
[Date "2023.07.11"]
[WhiteClock "0:00:05"]
[BlackClock "0:00:00"]
[Board "131"]

1. e4 e6 2. d4 d5 3. Nc3 dxe4 4. Nxe4 Nd7 5. Nf3 Be7 6. c3 Ngf6 7. Bd3 b6 8. O-O Bb7 9. Re1 O-O 10. Qc2 h6 11. Bd2 c5 12. dxc5 Nxc5 13. Nxc5 Bxc5 14. Be2 Qc7 15. h3 Rfd8 16. Rad1 Ne4 17. Rf1 Nxd2 18. Rxd2 Rxd2 19. Qxd2 Rd8 20. Qc2 g6 21. Rd1 Re8 22. a3 Kg7 23. b4 Be7 24. c4 Bf6 25. a4 a5 26. bxa5 bxa5 27. Rb1 Bc6 28. Qb3 Qd7 29. Bd1 Rd8 30. Qb6 Ra8 31. Qb3 h5 32. Qa3 Be7 33. Qb3 Bd6 34. Bc2 Qc7 35. Qc3+ Kg8 36. c5 Bxf3 37. Qxf3 Rd8 38. cxd6 Qxc2 39. Rd1 1-0


[Site "https://www.chess.com"]

[Event "Titled Tuesday Blitz July 11 Early 2023"]
[White "Siniauski, Artsiom"]
[Black "TomLiu777"]
[WhiteFideId "13512269"]
[WhiteElo "2555"]
[BlackElo "2353"]
[Result "0-1"]
[Round "3"]
[TimeControl "180+2"]
[Date "2023.07.11"]
[WhiteClock "0:00:21"]
[BlackClock "0:01:08"]
[Board "132"]

1. e4 e6 2. d4 d5 3. Nc3 Bb4 4. e5 c5 5. a3 Ba5 6. b4 cxd4 7. Nb5 Bc7 8. f4 Bd7 9. Nxc7+ Qxc7 10. Nf3 Ba4 11. Bd3 Ne7 12. O-O Qb6 13. Bb2 Nbc6 14. Qe2 Bb5 15. Rad1 a6 16. Qf2 Bxd3 17. Rxd3 Nf5 18. Kh1 h5 19. g3 h4 20. Kg1 hxg3 21. hxg3 O-O-O 22. Bxd4 Ncxd4 23. Nxd4 Nxd4 24. Qxd4 Qxd4+ 25. Rxd4 Kb8 26. Rc1 b5 27. c3 Rc8 28. Rd3 Rc4 29. Re1 Rhc8 30. Re4 Rxe4 0-1


[Site "https://www.chess.com"]

[Event "Titled Tuesday Blitz July 11 Early 2023"]
[White "Shapiro, Daniel"]
[Black "Zubarev, Alexander"]
[WhiteFideId "2001780"]
[BlackFideId "14104385"]
[WhiteElo "2346"]
[BlackElo "2553"]
[Result "0-1"]
[Round "3"]
[TimeControl "180+2"]
[Date "2023.07.11"]
[WhiteClock "0:00:08"]
[BlackClock "0:00:04"]
[Board "133"]

1. d4 e6 2. c4 b6 3. Nf3 Bb7 4. a3 f5 5. Nc3 Nf6 6. Bf4 Bd6 7. e3 Bxf4 8. exf4 O-O 9. Bd3 d5 10. Qe2 Ne4 11. O-O Nd7 12. Ng5 Qf6 13. Qe3 Rae8 14. Rac1 c5 15. dxc5 d4 16. Qh3 Nxg5 17. fxg5 Qxg5 18. Nb5 Nxc5 19. Bb1 Rd8 20. Rfe1 d3 21. Rcd1 a6 22. Nc7 d2 23. Re2 Rd4 24. f3 Qe7 25. Nd5 Bxd5 26. cxd5 Rxd5 27. Rexd2 Rxd2 28. Rxd2 Rd8 29. Rf2 Rd1+ 30. Rf1 Qd6 31. Ba2 Qd4+ 0-1


[Site "https://www.chess.com"]

[Event "Titled Tuesday Blitz July 11 Early 2023"]
[White "Bogaudinov, Rushan"]
[Black "Horobetz, Graham"]
[WhiteFideId "4129288"]
[BlackFideId "2047322"]
[WhiteElo "2336"]
[BlackElo "2549"]
[Result "0-1"]
[Round "3"]
[TimeControl "180+2"]
[Date "2023.07.11"]
[WhiteClock "0:00:21"]
[BlackClock "0:00:12"]
[Board "134"]

1. e4 c5 2. Nf3 d6 3. d4 cxd4 4. Nxd4 Nf6 5. Nc3 a6 6. a4 e5 7. Nde2 Be7 8. h3 Be6 9. Be3 d5 10. exd5 Nxd5 11. Nxd5 Qxd5 12. Nc3 Qc6 13. Be2 f5 14. O-O O-O 15. a5 Nd7 16. f4 e4 17. Na4 Nc5 18. Nb6 Rad8 19. Qe1 Nd7 20. c3 Nxb6 21. axb6 Rd7 22. Qf2 Rfd8 23. Rfd1 Rxd1+ 24. Rxd1 Rxd1+ 25. Bxd1 Qb5 26. Bd4 g6 27. g4 Qd3 28. gxf5 Qxd1+ 29. Kh2 Bxf5 30. Be5 Qd3 31. h4 e3 32. Qf3 Qc2+ 33. Kg3 Bxh4+ 34. Kxh4 Qf2+ 35. Qg3 Kf7 36. Bd4 Qxg3+ 37. Kxg3 e2 38. Kf2 Bd3 39. Ke1 Ke6 40. Kd2 Bc4 41. Bf2 Kf5 42. Ke3 h5 43. Kd4 Bb5 44. c4 Ba4 45. Ke3 Kg4 46. b4 Bc6 47. Kxe2 Kxf4 48. Be3+ Kg4 49. Kd3 g5 50. Kd4 h4 51. Ke5 Kh5 52. Bf2 g4 53. Kf4 g3 54. Bxg3 hxg3 55. Kxg3 Kg5 56. Kf2 Kf5 57. Ke3 Ke5 58. Kd3 Bd7 59. Kc3 Ke4 60. Kb3 Kd4 61. c5 Bc6 62. Kb2 Kc4 63. Ka3 Kc3 64. b5 axb5 65. Ka2 b4 66. Ka1 Kc2 67. Ka2 b3+ 68. Ka3 b2 69. Kb4 b1=Q+ 70. Kc4 Qb3+ 71. Kd4 Qd3+ 72. Ke5 Qe4+ 73. Kd6 Qd5+ 74. Kc7 Qd7+ 75. Kb8 Qe6 76. Kc7 Qc4 77. Kd6 Kc3 78. Kc7 Qxc5 79. Kc8 Qxb6 80. Kb8 Qc5 81. Kc7 b5 82. Kb8 b4 83. Kc7 Be4+ 84. Kd7 b3 85. Ke6 b2 86. Kd7 b1=Q 87. Ke6 Qbb6+ 88. Kd7 Qcc7+ 89. Ke8 Qbb8# 0-1


[Site "https://www.chess.com"]

[Event "Titled Tuesday Blitz July 11 Early 2023"]
[White "robertoalejandro10"]
[Black "Fajdetic, Hrvoje"]
[BlackFideId "14501945"]
[WhiteElo "2549"]
[BlackElo "2335"]
[Result "1-0"]
[Round "3"]
[TimeControl "180+2"]
[Date "2023.07.11"]
[WhiteClock "0:00:50"]
[BlackClock "0:00:14"]
[Board "135"]

1. Nf3 f5 2. d3 d6 3. e4 e5 4. Nc3 Nf6 5. exf5 Bxf5 6. d4 Nc6 7. dxe5 Nxe5 8. Be2 Be7 9. O-O O-O 10. Bf4 Nxf3+ 11. Bxf3 c6 12. Re1 Re8 13. Qd2 d5 14. Re5 Bg6 15. Rae1 Bd6 16. Rxe8+ Nxe8 17. Bg5 Qc7 18. h4 h6 19. h5 Bf5 20. Bh4 Bf4 21. Qd1 Nf6 22. Bxf6 gxf6 23. Nxd5 Qd6 24. Ne7+ Kf7 25. Qxd6 Bxd6 26. Nxf5 Bf8 27. Be2 b5 28. Bf3 Rc8 29. Nd4 1-0


[Site "https://www.chess.com"]

[Event "Titled Tuesday Blitz July 11 Early 2023"]
[White "Przybylski, Wojciech"]
[Black "DeyanKostov"]
[WhiteFideId "1117599"]
[WhiteElo "2548"]
[BlackElo "2330"]
[Result "1-0"]
[Round "3"]
[TimeControl "180+2"]
[Date "2023.07.11"]
[WhiteClock "0:01:02"]
[BlackClock "0:00:16"]
[Board "136"]

1. e4 c5 2. Nf3 d6 3. d4 Nf6 4. Nc3 cxd4 5. Nxd4 Nc6 6. Bg5 Bd7 7. f4 Rc8 8. Nb3 e6 9. Qd2 Be7 10. Be2 h6 11. Bxf6 Bxf6 12. Nb5 O-O 13. Nxd6 Rc7 14. e5 Bh4+ 15. g3 Be7 16. Rd1 Bc8 17. O-O b6 18. Bf3 Ba6 19. Rfe1 Qb8 20. Ne4 Rd8 21. Qg2 Nb4 22. c3 Nd5 23. Kh1 Rcd7 24. Ra1 Qc7 25. h3 Bc4 26. Nbd2 Ba6 27. a3 Bb7 28. c4 Nxf4 29. gxf4 Rxd2 30. Nxd2 Rxd2 31. Qxd2 Bxf3+ 32. Kh2 g5 33. Qe3 Bb7 34. Rac1 Kh8 35. Rg1 gxf4 36. Qxf4 Bg5 37. Rxg5 hxg5 38. Qxg5 Qc5 39. Qh6+ 1-0


[Site "https://www.chess.com"]

[Event "Titled Tuesday Blitz July 11 Early 2023"]
[White "Mattheii"]
[Black "Wernberg, Hugo"]
[BlackFideId "1737511"]
[WhiteElo "2547"]
[BlackElo "2322"]
[Result "1/2-1/2"]
[Round "3"]
[TimeControl "180+2"]
[Date "2023.07.11"]
[WhiteClock "0:00:00"]
[BlackClock "0:00:51"]
[Board "137"]

1. c4 e5 2. Nc3 Nc6 3. Nf3 Nf6 4. e4 Bb4 5. d3 O-O 6. a3 Bxc3+ 7. bxc3 d6 8. g3 Nd7 9. Bg2 f5 10. exf5 Rxf5 11. O-O Qf8 12. Nd2 Nc5 13. Ne4 Nxe4 14. Bxe4 Rf6 15. Bg5 Bh3 16. Bxf6 Bxf1 17. Bxg7 Kxg7 18. Qg4+ Kh8 19. Rxf1 Qg7 20. Qxg7+ Kxg7 21. Bxc6 bxc6 22. Rb1 Kf6 23. Rb7 c5 24. Rxc7 h5 25. Rd7 Ke6 26. Rh7 Rb8 27. Rb7 Rxb7 1/2-1/2


[Site "https://www.chess.com"]

[Event "Titled Tuesday Blitz July 11 Early 2023"]
[White "Leon Oquendo, Jorge"]
[Black "Lopez Del Alamo, Antonio"]
[WhiteFideId "3514803"]
[BlackFideId "2227339"]
[WhiteElo "2546"]
[BlackElo "2321"]
[Result "1-0"]
[Round "3"]
[TimeControl "180+2"]
[Date "2023.07.11"]
[WhiteClock "0:00:04"]
[BlackClock "0:00:02"]
[Board "138"]

1. d4 Nf6 2. c4 g6 3. Nc3 Bg7 4. e4 d6 5. Be2 O-O 6. Be3 e5 7. d5 c6 8. g4 cxd5 9. cxd5 a6 10. a4 Qa5 11. Kf1 Qb4 12. f3 Qa5 13. h4 h5 14. g5 Nh7 15. Kg2 f5 16. Bd3 Nd7 17. Qb1 fxe4 18. fxe4 Qd8 19. b4 a5 20. Nb5 axb4 21. Nxd6 Nb8 22. Qxb4 Na6 23. Qa3 Qd7 24. Be2 Rf4 25. Bxf4 exf4 26. Nxc8 Rxc8 27. Rc1 Bf8 28. Rxc8 Qxc8 29. Qb2 Nc5 30. Qc2 Bd6 31. Bf3 Nf8 32. Nh3 Nfd7 33. Nf2 Ne5 34. Rc1 b6 35. Qd2 Qa6 36. Qc2 Qxa4 37. Qxa4 Nxa4 38. Rc8+ Kg7 39. Be2 Nc5 40. Bb5 f3+ 41. Kf1 Ng4 42. Rd8 Bg3 43. Nh1 Be5 44. Nf2 Bg3 45. Nxg4 hxg4 46. d6 Bf4 47. d7 Bc7 48. Rc8 g3 49. Rxc7 g2+ 50. Kf2 Nxe4+ 51. Kg1 Ng3 52. d8=Q# 1-0


[Site "https://www.chess.com"]

[Event "Titled Tuesday Blitz July 11 Early 2023"]
[White "Jaskolka, Tomasz"]
[Black "Okike, David"]
[WhiteFideId "1170791"]
[BlackFideId "8500134"]
[WhiteElo "2546"]
[BlackElo "2318"]
[Result "1-0"]
[Round "3"]
[TimeControl "180+2"]
[Date "2023.07.11"]
[WhiteClock "0:00:06"]
[BlackClock "0:00:21"]
[Board "139"]

1. d4 Nf6 2. Nc3 d5 3. Bf4 c5 4. e4 cxd4 5. Qxd4 Nc6 6. Qa4 d4 7. Nb5 e5 8. Bxe5 Bb4+ 9. c3 dxc3 10. Bxc3 Bxc3+ 11. bxc3 O-O 12. Nf3 Nxe4 13. Be2 Bf5 14. Qb3 Rc8 15. O-O Na5 16. Qb4 a6 17. Rad1 Qb6 18. Nbd4 Qc5 19. Nxf5 Qxf5 20. Bd3 Rfe8 21. Rfe1 Nc4 22. Bxc4 Ng5 23. Nxg5 Qxg5 24. Qxb7 Qf6 25. Rxe8+ Rxe8 26. Qd7 Rf8 27. g3 Qxc3 28. Bf1 a5 29. Qa4 h5 30. Qb3 Qf6 31. Rd5 h4 32. Rxa5 hxg3 33. hxg3 Rd8 34. Rd5 Rc8 35. Qd3 g6 36. Be2 Rc1+ 37. Kg2 Qc6 38. Bf3 Qf6 39. Rd8+ Kg7 40. Qd4 Rc2 41. Qxf6+ Kxf6 42. Ra8 Ke5 43. a4 f5 44. a5 g5 45. g4 fxg4 46. Bxg4 Kf4 47. Bd1 Rc1 48. a6 Rxd1 49. a7 Kg4 50. Rf8 1-0


[Site "https://www.chess.com"]

[Event "Titled Tuesday Blitz July 11 Early 2023"]
[White "Andreassen, Lars"]
[Black "Yurovskykh, Oleksandr"]
[WhiteFideId "1504878"]
[BlackFideId "14134020"]
[WhiteElo "2315"]
[BlackElo "2544"]
[Result "1-0"]
[Round "3"]
[TimeControl "180+2"]
[Date "2023.07.11"]
[WhiteClock "0:00:05"]
[BlackClock "0:00:00"]
[Board "140"]

1. d4 d5 2. Nf3 Nf6 3. Bg5 Ne4 4. Bh4 c5 5. c3 Nc6 6. e3 Qb6 7. Qb3 c4 8. Qxb6 axb6 9. Be2 b5 10. Nbd2 Nd6 11. O-O b4 12. cxb4 Nxb4 13. a3 Nc6 14. Rfc1 b5 15. b3 Na5 16. Ne5 f6 17. Nef3 Bf5 18. Bd1 e6 19. b4 Nc6 20. Bg3 Kd7 21. a4 bxa4 22. Bxa4 Kc7 23. b5 Nb8 24. e4 Bxe4 25. Nxe4 dxe4 26. Nd2 Nd7 27. Nxc4 e5 28. dxe5 Nxc4 29. Rxc4+ Kb7 30. e6 Nc5 31. b6 Be7 32. f3 Ra5 33. Bf2 Rha8 34. fxe4 1-0


[Site "https://www.chess.com"]

[Event "Titled Tuesday Blitz July 11 Early 2023"]
[White "Demin, Vladimir"]
[Black "Haszon, David"]
[WhiteFideId "4167457"]
[BlackFideId "733610"]
[WhiteElo "2542"]
[BlackElo "2509"]
[Result "0-1"]
[Round "3"]
[TimeControl "180+2"]
[Date "2023.07.11"]
[WhiteClock "0:00:15"]
[BlackClock "0:01:03"]
[Board "141"]

1. d4 Nf6 2. Nc3 d5 3. Bf4 g6 4. e3 Bg7 5. Nb5 Na6 6. Nc3 Nb8 7. Nb5 Na6 8. Nc3 O-O 9. Bxa6 bxa6 10. Be5 Rb8 11. b3 Bg4 12. f3 Be6 13. Nge2 Rc8 14. Na4 Nd7 15. Bxg7 Kxg7 16. O-O Kg8 17. Nf4 c5 18. Nxe6 fxe6 19. dxc5 Nxc5 20. Nxc5 Rxc5 21. Rc1 Rc3 22. Qd4 Qc7 23. e4 Rd8 24. Rf2 e5 25. Qa4 a5 26. Rd2 d4 27. h4 Kg7 28. Kh2 Qb6 29. Qa3 Rd7 30. Qa4 Rdc7 31. Qe8 Qf6 32. h5 Qf4+ 33. Kh1 Qxd2 34. h6+ Qxh6+ 35. Kg1 Qxc1+ 0-1


[Site "https://www.chess.com"]

[Event "Titled Tuesday Blitz July 11 Early 2023"]
[White "Romero Arzuaga, Yudel"]
[Black "Malyi, Viacheslav"]
[WhiteFideId "3521010"]
[BlackFideId "14123983"]
[WhiteElo "2312"]
[BlackElo "2541"]
[Result "0-1"]
[Round "3"]
[TimeControl "180+2"]
[Date "2023.07.11"]
[WhiteClock "0:00:30"]
[BlackClock "0:00:42"]
[Board "142"]

1. d4 Nf6 2. Nf3 g6 3. Bf4 d6 4. e3 Bg7 5. h3 O-O 6. Be2 c5 7. c3 cxd4 8. exd4 Nc6 9. O-O Nd7 10. Bh2 e5 11. dxe5 Ndxe5 12. Nbd2 Nxf3+ 13. Bxf3 Ne5 14. Ne4 Nxf3+ 15. Qxf3 d5 16. Nd6 Qb6 17. Nxc8 Raxc8 18. Qxd5 Qxb2 19. Rab1 Qxc3 20. Rxb7 a5 21. Bg3 Rc5 22. Qd7 Rf5 23. Rfb1 h5 24. Rb8 h4 25. Rxf8+ Bxf8 26. Bxh4 Kg7 27. Rb3 Qc2 28. Qd4+ Kh7 29. Rb8 Bg7 30. Qb2 Qxb2 0-1


[Site "https://www.chess.com"]

[Event "Titled Tuesday Blitz July 11 Early 2023"]
[White "Vifleemskaia, Svetlana"]
[Black "Bilan, Danila"]
[WhiteFideId "4129490"]
[BlackFideId "24161918"]
[WhiteElo "2310"]
[BlackElo "2539"]
[Result "1-0"]
[Round "3"]
[TimeControl "180+2"]
[Date "2023.07.11"]
[WhiteClock "0:00:06"]
[BlackClock "0:00:01"]
[Board "143"]

1. d4 d5 2. c4 c6 3. cxd5 cxd5 4. Bf4 Nf6 5. Nc3 a6 6. e3 Nc6 7. Bd3 Bg4 8. Nge2 e6 9. Rc1 Bd6 10. f3 Bh5 11. O-O O-O 12. a3 Rc8 13. b4 e5 14. Bg5 Be7 15. Ng3 Bg6 16. Nf5 e4 17. fxe4 dxe4 18. Nxe7+ Nxe7 19. Be2 Qd6 20. Bxf6 gxf6 21. Qd2 Rc7 22. Na4 Rfc8 23. Rc5 b6 24. Rcc1 a5 25. b5 Nd5 26. Rxc7 Rxc7 27. Rc1 Qxa3 28. Rxc7 Nxc7 29. Nxb6 Qa1+ 30. Kf2 Qb1 31. d5 Kg7 32. d6 Ne6 33. d7 Nd8 34. Nd5 Qb2 35. Qxb2 1-0


[Site "https://www.chess.com"]

[Event "Titled Tuesday Blitz July 11 Early 2023"]
[White "Balint, Vilmos"]
[Black "Berezin, Viktor"]
[WhiteFideId "718050"]
[BlackFideId "14107872"]
[WhiteElo "2277"]
[BlackElo "2534"]
[Result "0-1"]
[Round "3"]
[TimeControl "180+2"]
[Date "2023.07.11"]
[WhiteClock "0:02:49"]
[BlackClock "0:01:44"]
[Board "144"]

1. d4 Nf6 2. Nc3 g6 3. e4 d6 4. h3 Bg7 5. Nf3 O-O 6. Be3 c6 7. Be2 b5 8. O-O Nbd7 9. a3 e5 10. dxe5 dxe5 11. Qd6 Bb7 12. Nxe5 Nxe5 13. Qxe5 Re8 14. Qg3 Nxe4 15. Nxe4 Rxe4 16. c3 Be5 17. Qg5 Qxg5 18. Bxg5 Rxe2 0-1


[Site "https://www.chess.com"]

[Event "Titled Tuesday Blitz July 11 Early 2023"]
[White "Rangel, Daniel"]
[Black "Tsyhanchuk, Stanislav"]
[WhiteFideId "2124475"]
[BlackFideId "13505130"]
[WhiteElo "2531"]
[BlackElo "2262"]
[Result "0-1"]
[Round "3"]
[TimeControl "180+2"]
[Date "2023.07.11"]
[WhiteClock "0:00:05"]
[BlackClock "0:01:13"]
[Board "145"]

1. c4 Nf6 2. g3 e6 3. Bg2 d5 4. Nf3 d4 5. O-O c5 6. e3 Nc6 7. exd4 cxd4 8. d3 h6 9. Bf4 Bd6 10. Bxd6 Qxd6 11. Nbd2 O-O 12. a3 a5 13. Rc1 e5 14. c5 Qc7 15. Re1 Bf5 16. Nc4 Rfe8 17. h3 Bh7 18. Nd6 Re7 19. Nh4 Qd7 20. Qd2 b6 21. cxb6 Qxd6 22. Rxc6 Qd8 23. Rxf6 gxf6 24. Bxa8 Qxa8 25. Qxh6 Re6 26. g4 Bxd3 27. Nf5 Qf8 28. b7 Rb6 29. Qxf8+ Kxf8 30. Rc1 Bxf5 31. Rc8+ Ke7 32. b8=Q Rxb8 33. Rxb8 Bd3 34. Ra8 Bc4 35. Rxa5 d3 36. Ra7+ Ke6 37. Ra8 d2 38. Rd8 Bd5 39. Kf1 d1=Q# 0-1


[Site "https://www.chess.com"]

[Event "Titled Tuesday Blitz July 11 Early 2023"]
[White "Onslow, Alfie"]
[Black "Dushyant Sharma"]
[WhiteFideId "436976"]
[BlackFideId "25065130"]
[WhiteElo "2253"]
[BlackElo "2527"]
[Result "1-0"]
[Round "3"]
[TimeControl "180+2"]
[Date "2023.07.11"]
[WhiteClock "0:00:04"]
[BlackClock "0:00:10"]
[Board "146"]

1. e4 d5 2. exd5 Nf6 3. d4 Bg4 4. Bb5+ c6 5. dxc6 Nxc6 6. f3 Bf5 7. c3 e6 8. Ne2 Be7 9. O-O O-O 10. Bd3 Bxd3 11. Qxd3 Qb6 12. Kh1 Rfd8 13. Nd2 Rac8 14. Nc4 Qa6 15. Ne5 Qb6 16. f4 Nd5 17. Qh3 Bf8 18. Ng3 g6 19. Ne4 h6 20. Ng4 h5 21. Ne5 Bg7 22. Ng5 Nxe5 23. fxe5 Rc7 24. g4 Qc6 25. Kg1 f6 26. gxh5 fxg5 27. hxg6 Bxe5 28. Bxg5 Rg7 29. Qh5 Nf4 30. Bxf4 Bxf4 31. Rxf4 e5 32. Rg4 exd4 33. cxd4 Qd6 34. Rf1 Qe6 35. h3 Rd5 36. Qh4 Qe3+ 37. Kh1 Qe8 38. Qg3 Rd8 39. Rg1 Qc6+ 40. Qg2 Qd6 41. Qg3 Qd5+ 42. Qg2 Qxd4 43. Qg3 Qd5+ 44. Qg2 Qe6 45. Rh4 Rd3 46. Rh7 Rxh7 47. gxh7+ Kf7 48. Qg7+ Ke8 49. h8=Q+ Qg8 50. Qhxg8# 1-0


[Site "https://www.chess.com"]

[Event "Titled Tuesday Blitz July 11 Early 2023"]
[White "Yeritsyan, Hayk"]
[Black "Wang2007"]
[WhiteFideId "13307320"]
[WhiteElo "2525"]
[BlackElo "2250"]
[Result "0-1"]
[Round "3"]
[TimeControl "180+2"]
[Date "2023.07.11"]
[WhiteClock "0:00:10"]
[BlackClock "0:00:21"]
[Board "147"]

1. d4 Nf6 2. Nf3 g6 3. Bf4 Bg7 4. h3 O-O 5. e3 d5 6. c3 c5 7. Be2 Nc6 8. O-O Nd7 9. Na3 e5 10. Bh2 a6 11. Rc1 b5 12. Nc2 Bb7 13. Re1 Re8 14. Rf1 Qb6 15. Na3 Rad8 16. dxe5 Ndxe5 17. Nxe5 Nxe5 18. Bxe5 Bxe5 19. Nc2 a5 20. Bf3 b4 21. Qd2 d4 22. cxd4 Bxf3 23. gxf3 cxd4 24. Nxd4 Bxd4 25. exd4 Rxd4 26. Qg5 Qe6 27. Kg2 Rd5 28. Qg4 Qf6 29. Rc8 Rxc8 30. Qxc8+ Kg7 31. Qb7 Rg5+ 32. Kh1 Qf5 33. Kh2 Rh5 34. Kg3 Rxh3+ 35. Kg2 Rh4 36. Rh1 Qg5+ 37. Kf1 Rxh1+ 0-1


[Site "https://www.chess.com"]

[Event "Titled Tuesday Blitz July 11 Early 2023"]
[White "Kiselev, Pavel"]
[Black "Turzo, Attila"]
[WhiteFideId "4191102"]
[BlackFideId "704954"]
[WhiteElo "2239"]
[BlackElo "2521"]
[Result "0-1"]
[Round "3"]
[TimeControl "180+2"]
[Date "2023.07.11"]
[WhiteClock "0:00:06"]
[BlackClock "0:01:26"]
[Board "148"]

1. Nf3 Nf6 2. c4 g6 3. d4 Bg7 4. Nc3 O-O 5. e4 d6 6. h3 e5 7. d5 a5 8. Bd3 Na6 9. O-O Nc5 10. Bc2 Nh5 11. Kh2 Nf4 12. Bxf4 exf4 13. Nd4 Be5 14. Nf3 g5 15. Nxe5 dxe5 16. Qh5 Ra6 17. Rad1 Kg7 18. Qe2 g4 19. g3 Rh6 20. h4 Rxh4+ 21. gxh4 Qxh4+ 22. Kg1 f3 23. Qd2 h6 24. Ne2 Qh3 25. Nf4 exf4 26. Qd4+ Kg8 0-1


[Site "https://www.chess.com"]

[Event "Titled Tuesday Blitz July 11 Early 2023"]
[White "La Villa Rivas, Marlon Javier"]
[Black "Tomb, Maroun"]
[WhiteFideId "3519546"]
[BlackFideId "5300398"]
[WhiteElo "2224"]
[BlackElo "2521"]
[Result "1-0"]
[Round "3"]
[TimeControl "180+2"]
[Date "2023.07.11"]
[WhiteClock "0:00:29"]
[BlackClock "0:00:35"]
[Board "149"]

1. e4 c5 2. Nf3 Nc6 3. Bb5 g6 4. Bxc6 dxc6 5. d3 Bg7 6. h3 Nf6 7. Nc3 Nd7 8. Be3 b6 9. Qd2 h5 10. O-O-O Nf8 11. d4 cxd4 12. Nxd4 Bb7 13. Qe2 Qc7 14. f4 a6 15. Qc4 e6 16. f5 b5 17. Ndxb5 axb5 18. Nxb5 Qe5 19. Nd6+ Ke7 20. Bg5+ f6 21. Be3 Ba6 22. Qb4 c5 23. Bxc5 Nd7 24. Nc4+ Nxc5 25. Nxe5 Rhc8 26. Rd7+ Kf8 27. Nxg6+ Kg8 28. Ne7+ Kh7 29. Nxc8 Nxd7 30. fxe6 Ne5 31. Nd6 Bf8 32. Rd1 Rd8 33. Qb6 Ra8 34. Qc7+ Kg6 35. e7 Bh6+ 36. Kb1 Bb5 37. Nxb5 1-0


[Site "https://www.chess.com"]

[Event "Titled Tuesday Blitz July 11 Early 2023"]
[White "Chor, Kevin"]
[Black "SicilianPanzer"]
[WhiteFideId "2090740"]
[WhiteElo "2520"]
[BlackElo "2219"]
[Result "1-0"]
[Round "3"]
[TimeControl "180+2"]
[Date "2023.07.11"]
[WhiteClock "0:00:25"]
[BlackClock "0:00:00"]
[Board "150"]

1. e4 d6 2. d4 Nf6 3. Nc3 g6 4. f4 Bg7 5. Nf3 O-O 6. e5 Nfd7 7. h4 c5 8. h5 cxd4 9. Qxd4 Nc6 10. Qf2 dxe5 11. hxg6 Nf6 12. fxe5 Ng4 13. Qh4 h6 14. gxf7+ Kh8 15. Bc4 Bf5 16. Bd2 Qc7 17. O-O-O Ncxe5 18. Nxe5 Qxe5 19. Be2 Ne3 20. Rdg1 Bh7 21. Rh3 Nxc2 22. Bxh6 Rxf7 23. Bd3 Bxh6+ 24. Qxh6 1-0


[Site "https://www.chess.com"]